 Dungeon Crawl Stone Soup version 0.28-a0-1613-gdaab1c2f9b (webtiles) character file.

Game seed: 326531519644698974

2 oldriver the Bolt Thrower (level 1, 0/12 HPs)
             Began as a Kobold Hunter on Jan 21, 2022.
             Slain by a bat (1 damage)
             ... on level 1 of the Dungeon.
             The game lasted 00:00:40 (170 turns).

oldriver the Bolt Thrower (Kobold Hunter)            Turns: 170, Time: 00:00:41

Health: 0/12       AC:  3    Str:  9    XL:     1   Next: 44%
Magic:  1/1        EV: 14    Int: 12    God:
Gold:   6          SH:  0    Dex: 15    Spells: 0/0 levels left

rFire   . . .      SeeInvis .   e - +0 dagger
rCold   . . .      Faith    .   (no shield)
rNeg    . . .      Spirit   .   c - +0 leather armour
rPois   .          Reflect  .   (no helmet)
rElec   .          Harm     .   (no cloak)
rCorr   .          Rampage  .   (no gloves)
Will    .....                   (no boots)
Stlth   +++.......              (no amulet)
HPRegen 0.04/turn               (no ring)
MPRegen 0.07/turn               (no ring)

@: no status effects
A: small, no large weapons, nightstalker 3
a: no special abilities


You were on level 1 of the Dungeon.
You visited 1 branch of the dungeon, and saw 1 of its levels.

You collected 6 gold pieces.

Inventory:

Hand Weapons
 a - a +1 hand crossbow
 e - a +0 dagger (weapon)
Missiles
 d - 20 bolts
Armour
 c - a +0 leather armour (worn)


   Skills:
 + Level 2.2 Fighting
 + Level 0.3 Short Blades
 - Level 4.8 Crossbows
 + Level 2.5 Dodging
 + Level 1.5 Stealth


You couldn't memorise any spells.
You didn't know any spells.
Your spell library was empty.

Dungeon Overview and Level Annotations

Branches:
Dungeon (1/15)

Altars:


Innate Abilities, Weirdness & Mutations

You are small and have problems with some larger weapons.
You are completely attuned to the shadows.


Message History

* * * LOW HITPOINT WARNING * * *
The bat completely misses you. The bat hits you but does no damage.
The bat misses you. The bat barely misses you. The bat barely misses you.
The bat hits you.
* * * LOW HITPOINT WARNING * * *
The bat closely misses you. The bat closely misses you.
The bat barely misses you. x2
The bat closely misses you. The bat closely misses you.
The bat misses you. x2; The bat completely misses you.
The bat completely misses you. The bat barely misses you.
The bat hits you but does no damage. The bat hits you but does no damage.
The bat barely misses you.
Things that are here:
a +0 short sword; a stone The bat barely misses you.
The bat closely misses you. The bat hits you.
* * * LOW HITPOINT WARNING * * *
The bat closely misses you. The bat hits you.
* * * LOW HITPOINT WARNING * * *
You are too injured to fight recklessly!
You are too injured to fight recklessly!
You are too injured to fight recklessly!
The bat barely misses you. The bat barely misses you.
The bat barely misses you.
You aren't carrying any potions.
You aren't carrying any scrolls.
You aren't carrying any items that you can evoke.
You hit the bat but do no damage. The bat hits you but does no damage.
The bat misses you.
You completely miss the bat. The bat closely misses you. x2
You barely miss the bat. The bat completely misses you. The bat hits you.
You die...

#.....##.......#
#....)##.....#.#
#.....8......#.#
##.............#
#.............#
##..........#.#
#####.....##.# #####
##...###.########...##
##..@bbg....).......#
#############.......
#....... #.......
........# .#.......
#....... #.......
........


You could see a goblin and 2 bats.

Vanquished Creatures
  A kobold (D:1)
  A ball python (D:1)
  A rat (D:1)
3 creatures vanquished.

Notes
Turn   | Place    | Note
-------+----------+-------------------------------------------
     0 | D:1      | oldriver the Kobold Hunter began the quest for the Orb.
     0 | D:1      | Reached XP level 1. HP: 12/12 MP: 1/1
   170 | D:1      | Slain by a bat

Illustrated notes

Levels and vault maps discovered:
D:1:      eino_arrival_cavern_d, layout_rooms,
          hellmonk_ecumenical_altar_blasted, nicolae_shop_unique_rings

Action                   || total
-------------------------++-------
Melee: Dagger            ||    21
       Short sword       ||     7
Armor: Leather armour    ||    23
Dodge: Dodged            ||    63

Table legend: (Time is in decaauts)
 A = Elapsed time spent in this place.
 B = Non-inter-level travel time spent in this place.
 C = Inter-level travel time spent in this place.
 D = Time resting spent in this place.
 E = Time spent auto-exploring this place.
 F = Levels seen in this place.
 G = Mean time per level.
                   A        B        C        D        E       F      G
               +--------+--------+--------+--------+--------+-----+--------+
         Total |    169 |    169 |      0 |      0 |     89 |   1 |  169.0 |
       Dungeon |    169 |    169 |      0 |      0 |     89 |   1 |  169.0 |
               +--------+--------+--------+--------+--------+-----+--------+

Top non-repeatable levels by time:
     D:1: 169 daAuts
